 Dungeon Crawl Stone Soup version 0.20-a0-1126-g0f15420 (webtiles) character file.

34 Naow the Firebug (level 3, -6/21 HPs)
             Began as an Octopode Fire Elementalist on May 17, 2017.
             Mangled by Sigmund
             ... wielding a +0 scythe
              (8 damage)
             ... on level 2 of the Dungeon.
             The game lasted 00:01:52 (1395 turns).

Naow the Firebug (Octopode Fire Elementalist)       Turns: 1395, Time: 00:01:52

Health: -6/21      AC:  1    Str:  7    XL:     3   Next: 31%
Magic:  0/6        EV: 13    Int: 18    God:
Gold:   78         SH:  0    Dex: 12    Spells: 0/6 levels left

rFire    . . .     SeeInvis .   (no weapon)
rCold    . . .     Gourm    .   (no shield)
rNeg     . . .     Faith    .   (helmet restricted)
rPois    .         Spirit   .   (no amulet)
rElec    .         Reflect  .   (no ring)
rCorr    .         Harm     .   (no ring)
MR       .....                  (no ring)
Stlth    +++.......             (no ring)
Regen    0.1/turn               (no ring)
MPRegen  0.1/turn               (no ring)
                                (no ring)
                                (no ring)

@: very slightly contaminated
A: almost no armour, stealthy swim, amphibious, 8 rings, constrict 8, camouflage
1, gelatinous body 1
a: no special abilities


You were on level 2 of the Dungeon.
You were not hungry.

You visited 1 branch of the dungeon, and saw 2 of its levels.

You collected 78 gold pieces.

Inventory:

Scrolls
 d - 3 scrolls of teleportation {unknown}
 e - a scroll of remove curse {unknown}
 j - a scroll of enchant weapon {unknown}
 k - a scroll of magic mapping {unknown}
 m - a scroll of noise {unknown}
Potions
 c - a potion of haste {unknown}
 i - a potion of might {unknown}
Books
 a - a book of Flames

   Spells                             Type                      Level
   a - Flame Tongue                   Conjuration/Fire             1
   b - Throw Flame                    Conjuration/Fire             2
   c - Conjure Flame                  Conjuration/Fire             3
   d - Inner Flame                    Hexes/Fire                   3
   e - Sticky Flame                   Conjuration/Fire             4
   f - Fireball                       Conjuration/Fire             5
Comestibles
 b - a bread ration
 f - a royal jelly
 g - a meat ration
 h - a fruit
 l - a chunk of flesh


   Skills:
 + Level 2.2 Dodging
 + Level 3.0 Stealth
 + Level 2.2 Spellcasting
 + Level 1.2 Conjurations
 + Level 3.7 Fire Magic


You couldn't memorise any spells.
You knew the following spells:

 Your Spells              Type           Power        Failure   Level  Hunger
a - Flame Tongue          Conj/Fire      ##...        6%          1    #......
b - Throw Flame           Conj/Fire      ##....       10%         2    ##.....
c - Conjure Flame         Conj/Fire      ##......     19%         3    ###....


Dungeon Overview and Level Annotations

Branches:
Dungeon (2/15)

Altars:

Annotations:
D:2 Sigmund


Innate Abilities, Weirdness & Mutations

You cannot wear most types of armour.
You are very stealthy in the water. (Stealth+)
You are amphibious.
You can wear up to eight rings at the same time.
You can use your tentacles to constrict eight enemies at once.
Your skin changes colour to match your surroundings (Stealth+).
Your rubbery body absorbs attacks. (AC +1, EV +1)


Message History

The worm is almost dead.
You constrict the worm.
You kill the worm!
A jackal comes into view.
The jackal barks!
Unknown command.
Casting: Flame Tongue
Confirm with . or Enter, or press ? or * to list all spells.
Aiming: Flame Tongue
Press: ? - help, Shift-Dir - straight line, f - jackal
Aim: a jackal The flame tongue hits the jackal.
The jackal is lightly wounded.
You tentacle-slap the jackal but do no damage.
You grab the jackal.
The jackal is lightly wounded.
You constrict the jackal. The jackal bites you.
* * * LOW HITPOINT WARNING * * *
Something hits you!
You die...

#...# #.##.##.# ###.##
#.##.##@# #### #..#
#.#..##.####.... ##.#
#....##..#..%# #.###
###.#..###...#
#...###...#.....#..#
###..#..#.#.###.#..## .#
#####.....##.#.###.#...##.#
......###.##.#..@h...#..#.####
..##### #.##...###............
..#######.##...##...#.........
..........#..#.##.#...........
#.######.....#....###.........
..#.....)......###............
...................##.........
..............##....#w........
.###.......... ####.#.........


You could see a jackal.

Vanquished Creatures
  2 worms (D:2)
  2 leopard geckos
  4 bats (D:1)
  A giant cockroach (D:2)
  5 goblins
  3 hobgoblins
  A jackal (D:2)
  A ball python (D:1)
  A frilled lizard (D:1)
  2 kobolds
  3 rats
25 creatures vanquished.

Notes
Turn   | Place    | Note
-------+----------+-------------------------------------------
     0 | D:1      | Naow the Octopode Fire Elementalist began the quest for the Orb.
     0 | D:1      | Reached XP level 1. HP: 11/11 MP: 3/3
   360 | D:1      | Reached XP level 2. HP: 7/17 MP: 0/5
  1002 | D:2      | Noticed Sigmund
  1021 | D:2      | Reached XP level 3. HP: 21/21 MP: 4/6
  1204 | D:1      | Learned a level 2 spell: Throw Flame
  1208 | D:1      | Learned a level 3 spell: Conjure Flame
  1395 | D:2      | Mangled by Sigmund

Vault maps used:
D:1:      scummos_arrival_checkerplants, minivault_23
D:2:      first_bread, uniq_crazy_yiuf_cottage, uniq_sigmund

Skill      XL: |  1  2  3 |
---------------+----------+-----
Stealth        | 3 |  3.0
Dodging        | |  2.2
Spellcasting   | |  2.2
Conjurations   | |  1.2
Fire Magic     | |  3.7

Action                   || total
-------------------------++-------
Melee: Unarmed           ||     6
       Constrict         ||     3
 Cast: Flame Tongue      ||    44
       Throw Flame       ||     1
  Eat: Chunk             ||     2
Armor: Skin              ||     3
Dodge: Dodged            ||    19
